 Dungeon Crawl Stone Soup version 0.28.0-1-gb440e238dd (webtiles) character file.

Game seed: 16354784098167369433

2676 Descartes the Shield-Bearer (level 9, -2/61 HPs)
             Began as a Formicid Warper on Feb 24, 2022.
             Slain by a wyvern (10 damage)
             ... on level 7 of the Dungeon.
             The game lasted 00:19:06 (9332 turns).

Descartes the Shield-Bearer (Formicid Warper)       Turns: 9332, Time: 00:19:06

Health: -2/61      AC:  7    Str: 21    XL:     9   Next: 95%
Magic:  0/14       EV: 11    Int: 12    God:
Gold:   363        SH:  0    Dex: 10    Spells: 14/14 levels left

rFire   . . .      SeeInvis +   t - +8 frozen axe "Frostbite" {freezing cloud, *Noise Fly rC+}
rCold   + + +      Faith    .   (no shield)
rNeg    . . .      Spirit   +   n - +0 ring mail {rC+}
rPois   .          Reflect  .   (helmet unavailable)
rElec   .          Harm     .   (no cloak)
rCorr   .          Rampage  .   e - +0 pair of gloves
Will    .....                   (no boots)
Stlth   ..........              G - amulet of guardian spirit
HPRegen 0.20/turn               s - ring of protection from cold
MPRegen 0.14/turn               (no ring)

@: flying
A: permanent stasis, dig shafts and tunnels, antennae 3, four strong arms
a: Dig, Shaft Self


You were on level 7 of the Dungeon.
You visited 1 branch of the dungeon, and saw 7 of its levels.
You also visited: Sewer and Ossuary.

You collected 363 gold pieces.

Inventory:

Hand Weapons
 b - a +2 dagger of holy wrath
 t - the +8 frozen axe "Frostbite" (weapon) {freezing cloud, *Noise Fly rC+}
   (You acquired it on level 4 of the Dungeon)

   It freezes those it strikes, dealing additional cold damage.
   It can also slow down cold-blooded creatures.
   It occasionally leaves clouds of freezing vapour upon striking a foe.
   It grants immunity to clouds of freezing vapour.
   rC:        It protects you from cold.
   Fly:       It grants you flight.
   *Noise:    It may make noises in combat.
 u - a +2 short sword of protection
 v - a +2 dagger of protection
 y - a +0 short sword of draining
 I - a +1 rapier of flaming
Missiles
 c - 5 boomerangs of dispersal (quivered)
 g - 71 bolts
 h - 3 boomerangs
 j - 164 stones
 l - 49 arrows
 p - 19 poisoned darts
 q - 2 javelins
 x - a curare-tipped dart
 A - 17 sling bullets
Armour
 e - a +0 pair of gloves (worn)
 n - a +0 ring mail of cold resistance (worn)
 K - a +0 chain mail
Jewellery
 a - an amulet of the acrobat
 s - a ring of protection from cold (left hand)
 G - an amulet of guardian spirit (around neck)
Wands
 C - a wand of mindburst (13)
Scrolls
 m - 2 scrolls of blinking
 r - a scroll of enchant weapon
 B - 3 scrolls of teleportation
 F - a scroll of holy word {unknown}
 H - 2 scrolls of identify
 L - a scroll of fog {unknown}
Potions
 d - a potion of brilliance {unknown}
 f - a potion of lignification
 i - 6 potions of might {unknown}
 k - 3 potions of cancellation
 o - 2 potions of invisibility {unknown}
 w - a potion of haste {unknown}
 z - 2 potions of attraction {unknown}
 D - a potion of heal wounds {unknown}
 E - 2 potions of mutation {unknown}
 J - a potion of magic {unknown}


   Skills:
 - Level 2.1 Fighting
 - Level 2.2 Short Blades
 + Level 5.6 Axes
 - Level 1.0 Throwing
 + Level 6.8 Armour
 - Level 1.7 Dodging
 + Level 7.3 Shields
 + Level 3.3 Spellcasting
 + Level 6.3 Translocations
 + Level 2.4 Evocations


You had 14 spell levels left.
You didn't know any spells.
Your spell library contained the following spells:

 Spells                   Type           Power      Damage    Failure   Level
 Gell's Gravitas          Tloc           17%        N/A       9%          3
 Lesser Beckoning         Tloc           17%        N/A       9%          3
 Teleport Other           Tloc           17%        N/A       9%          3
 Beastly Appendage        Tmut           4%         N/A       36%         1
 Summon Small Mammal      Summ           8%         N/A       36%         1
 Wereblood                Tmut           2%         N/A       50%         2
 Manifold Assault         Tloc           17%        N/A       58%         5
 Call Canine Familiar     Summ           2%         N/A       73%         3
 Frozen Ramparts          Ice            4%         1d2       73%         3
 Spider Form              Tmut/Pois      2%         N/A       73%         3
 Summon Guardian Golem    Hex/Summ       2%         N/A       73%         3
 Ice Form                 Ice/Tmut       2%         N/A       98%         4
 Summon Ice Beast         Ice/Summ       2%         N/A       98%         4
 Dispersal                Tloc           8%         N/A       99%         6
 Iskenderun's Battlesphe  Conj           2%         2d6       100%        5
 Iron Shot                Conj/Erth      1%         9d1       100%        6
 Spellforged Servitor     Conj/Summ      1%         N/A       100%        7
 Borgnjor's Revivificati  Necr           1%         N/A       100%        8
 Necromutation            Tmut/Necr      1%         N/A       100%        8
 Death's Door             Necr           1%         N/A       100%        9
 Blink                    Tloc           Unusable   N/A       N/A         2

Dungeon Overview and Level Annotations

Branches:
Dungeon (7/15)              Sewer (visited)         Ossuary (visited)
 Temple: D:4-7

Altars:

Annotations:
D:3 1 runed translucent door, Crazy Yiuf


Innate Abilities, Weirdness & Mutations

You cannot be hasted, slowed, berserked, paralysed or teleported.
You can dig through walls and to a lower floor.
You have a pair of large antennae on your head. (SInv)
Your four strong arms can wield two-handed weapons with a shield.


Message History

The orc warrior hits you with a +0 long sword!
You slash the orc warrior! You freeze the orc warrior.
You kill the orc warrior!
The wyvern bites you!
* * * LOW HITPOINT WARNING * * *
The wyvern closely misses you.
Items here: )) [ ††.
The wyvern bites you but does no damage.
The wyvern bites you.
* * * LOW HITPOINT WARNING * * *
You see here a throwing net.
The wyvern bites you!
* * * LOW HITPOINT WARNING * * *
The wyvern closely misses you.
There is an open door here.
The wyvern barely misses you. The wyvern closely misses you.
The wyvern barely misses you.
The wyvern bites you but does no damage.
The wyvern bites you.
* * * LOW HITPOINT WARNING * * *
The wyvern bites you.
* * * LOW HITPOINT WARNING * * *
The bullfrog swells and bulges.
You slash the wyvern! You freeze the wyvern.
The wyvern is heavily wounded.
The wyvern bites you but does no damage. x2
You closely miss the wyvern.
The wyvern is heavily wounded.
The wyvern closely misses you.
The wyvern bites you but does no damage.
The wyvern closely misses you.
Unknown command.
Unknown command.
Okay, then.
The wyvern bites you but does no damage.
The wyvern barely misses you. The wyvern misses you. The wyvern bites you!
You die...

#......##### #............#
#..........# #............#
####'#####.###......##....#
#.# #....#####.##....# #.#
####.......##....#
#.#################.######
#......o{o{F......#......#
#############F..#.#...##.##
#...#<@l.#.....#..#..#
#.#...[##.###.#.##.#.##
#.###.##.♣.###.⌠.##....
#.##.####.#.###.####.#.
#....#.#.###.###♣#.#...
#.###...#.♣.###.⌠.# #.⌠.#..
#.....#..#.###.#.#♣###.#...
########.####.#.###.####...
##.##.⌠.###.♣.##...#


You could see a wyvern and a bullfrog.

Vanquished Creatures
  Eustachio (D:5)
  A water moccasin (D:6)
  An orc warrior (D:7)
  A sky beast (D:6)
  3 necrophages
  4 ogres
  3 kobold brigands (Sewer)
  2 bullfrogs
  A gnoll sergeant (D:7)
  5 elf zombies (Ossuary)
  Blork the orc (D:4)
  A scorpion (D:4)
  A wyvern zombie (D:7)
  A howler monkey (D:4)
  A bullfrog zombie (D:6)
  A centaur zombie (D:6)
  2 hounds
  An orc priest (D:3)
  A centaur skeleton (D:6)
  2 jellies
  A human zombie (Ossuary)
  3 iguanas
  An orc wizard (D:7)
  A hound zombie (D:5)
  2 mummies (Ossuary)
  A howler monkey zombie (D:6)
  Robin (D:4)
  3 gnolls (D:7)
  10 adders
  A river rat (D:4)
  An ufetubus (D:6)
  An adder zombie (Ossuary)
  7 worms
  2 dart slugs (D:4)
  5 orcs
  10 endoplasms
  4 giant cockroaches
  11 goblins
  5 hobgoblins
  3 jackals (D:3)
  4 kobolds
  4 quokkas
  9 ball pythons
  2 bats
  3 frilled lizards (D:1)
  A goblin zombie (Ossuary)
  12 hobgoblin zombies (Ossuary)
  3 jackal zombies (Ossuary)
  5 kobold zombies (Ossuary)
  8 orc zombies (Ossuary)
  12 rats
  A rat zombie (Ossuary)
171 creatures vanquished.

Vanquished Creatures (others)
  A fungus (D:3)
1 creature vanquished.

Grand Total: 172 creatures vanquished

Notes
Turn   | Place    | Note
-------+----------+-------------------------------------------
     0 | D:1      | Descartes the Formicid Warper began the quest for the Orb.
     0 | D:1      | Reached XP level 1. HP: 16/16 MP: 3/3
   383 | D:1      | Reached XP level 2. HP: 15/22 MP: 5/5
   903 | D:1      | Reached skill level 1 in Shields
  1549 | D:2      | Reached XP level 3. HP: 10/27 MP: 6/6
  2345 | D:3      | Reached XP level 4. HP: 31/33 MP: 7/7
  2404 | D:3      | Reached skill level 1 in Short Blades
  2822 | D:3      | Reached skill level 2 in Shields
  3154 | D:3      | Found a faded altar of an unknown god.
  3165 | D:3      | Reached XP level 5. HP: 32/38 MP: 8/8
  3782 | D:3      | Found a runed translucent door.
  3783 | D:3      | Noticed Crazy Yiuf
  3826 | D:4      | Identified a scroll of acquirement
  3827 | D:4      | Acquired the +8 frozen axe "Frostbite" {freezing cloud,
                  | *Noise Fly rC+}
  3827 | D:4      | Found the +8 frozen axe "Frostbite" {freezing cloud, *Noise
                  | Fly rC+}
  3899 | D:4      | Noticed a necrophage
  3902 | D:4      | Killed a necrophage
  3903 | D:4      | Reached XP level 6. HP: 44/44 MP: 9/9
  3956 | D:4      | Noticed Robin
  3966 | D:4      | Killed Robin
  4170 | D:4      | Reached skill level 3 in Shields
  4177 | D:4      | Found a glowing drain.
  4185 | Sewer    | Entered a sewer
  4524 | Sewer    | Reached XP level 7. HP: 48/50 MP: 10/10
  5390 | D:4      | Reached skill level 4 in Shields
  5390 | D:4      | Reached XP level 8. HP: 44/56 MP: 11/11
  5552 | D:4      | Reached skill level 5 in Axes
  5730 | D:4      | Noticed Blork the orc
  5732 | D:4      | Killed Blork the orc
  6365 | D:5      | Entered Level 5 of the Dungeon
  6381 | D:5      | Noticed Eustachio
  6390 | D:5      | Found a sand-covered staircase.
  6395 | Ossuary  | Entered an ossuary
  6498 | Ossuary  | Reached skill level 5 in Shields
  6514 | Ossuary  | Reached skill level 5 in Armour
  6514 | Ossuary  | Reached skill level 5 in Translocations
  7078 | D:5      | Killed Eustachio
  7079 | D:5      | Reached skill level 6 in Shields
  7079 | D:5      | Reached XP level 9. HP: 51/61 MP: 12/12
  8293 | D:6      | Reached skill level 1 in Evocations
  8767 | D:6      | Reached skill level 7 in Shields
  9332 | D:7      | Slain by a wyvern

Illustrated notes

Levels and vault maps discovered:
D:1:      amcnicky_arrival_gap_in_the_tavern_cellar, layout_basic,
          skrybe_limestone_x
D:2:      layout_rooms, minmay_misc_feat_diagonals, kennysheep_generic_room_13
D:3:      layout_basic, ebering_ecumenical_altar_sacrificial, minivault_4,
          uniq_crazy_yiuf_cottage
D:4:      layout_basic, serial_curves, eino_curves_03, eino_curves_03,
          eino_curves_03, eino_curves_02, lightli_sewer_entry_pipes,
          uniq_blork_the_orc, uniq_robin
D:5:      layout_basic, enter_ossuary_5, chequers_decorated_corner,
          due_unseen_surprise, uniq_eustachio
D:6:      layout_cave_pods
D:7:      layout_basic, mainiacjoe_overflow_large_starburst, temple_fountains,
          grunt_decor_mini_mirrors, minmay_misc_feat_rows, uniq_menkaure

Skill      XL: |  1  2  3  4  5  6  7  8  9 |
---------------+----------------------------+-----
Shields        | 1 2 3 4 6 7 |  7.3
Translocations | 3 4 5 6 |  6.3
Armour         | 2 3 4 5 6 |  6.8
Short Blades   | 1 2 |  2.2
Axes           | 3 4 5 |  5.6
Evocations     | 2 |  2.4
Spellcasting   | 3 |  3.3
Fighting       | |  2.1
Throwing       | |  1.0
Dodging        | |  1.7

Action                   |  1- 3 |  4- 6 |  7- 9 || total
-------------------------+-------+-------+-------++-------
Melee: Hand axe          |    45 |       |       ||    45
       Dagger            |   101 |   104 |    63 ||   268
       Punch             |     2 |     1 |     2 ||     5
       Executioner's axe |       |    35 |   190 ||   225
 Abil: Dig               |       |       |     2 ||     2
  Use: Potion            |     1 |       |     2 ||     3
       Scroll            |       |     7 |     4 ||    11
Armor: Leather armour    |    12 |       |       ||    12
       Ring mail         |    47 |    41 |   100 ||   188
Dodge: Dodged            |    82 |    66 |   199 ||   347
